 Dungeon Crawl Stone Soup version 0.23-a0-703-gdf2d5e0 (webtiles) character file.

206 Lilu the Conjurer (level 5, -1/28 HPs)
             Began as a Deep Elf Conjurer on Jan 13, 2019.
             Slain by a jackal (2 damage)
             ... on level 4 of the Dungeon.
             The game lasted 00:07:59 (2564 turns).

Lilu the Conjurer (Deep Elf Conjurer)               Turns: 2564, Time: 00:08:00

Health: -1/28      AC:  2    Str:  5    XL:     5   Next: 53%
Magic:  5/14       EV: 14    Int: 21    God:
Gold:   90         SH:  0    Dex: 15    Spells: 11/14 levels left

rFire    . . .     SeeInvis .   q - +1 short sword (elec)
rCold    . . .     Gourm    .   (no shield)
rNeg     . . .     Faith    .   a - +0 robe
rPois    .         Spirit   .   (no helmet)
rElec    .         Reflect  .   (no cloak)
rCorr    .         Harm     .   (no gloves)
MR       .....                  (no boots)
Stlth    ++........             (no amulet)
HPRegen  0.09/turn              (no ring)
MPRegen  0.14/turn              (no ring)

@: no status effects
A: no striking features
a: no special abilities


You were on level 4 of the Dungeon.
You were not hungry.

You visited 1 branch of the dungeon, and saw 4 of its levels.

You collected 90 gold pieces.

Inventory:

Hand Weapons
 q - a +1 short sword of electrocution (weapon)
Armour
 a - a +0 robe (worn)
 r - a +0 leather armour
Scrolls
 b - 2 scrolls of immolation {unknown}
 d - a scroll of identify {unknown}
 h - a scroll of noise {unknown}
 i - a scroll of blinking {unknown}
 k - a scroll of remove curse {unknown}
 l - 2 scrolls of teleportation {unknown}
Potions
 e - a potion of might {unknown}
 f - a potion of cancellation {unknown}
 g - 2 potions of lignification {unknown}
 j - a potion of ambrosia {unknown}
 m - a potion of heal wounds {unknown}
 o - a potion of degeneration {unknown}
 p - a potion of flight {unknown}
Comestibles
 c - 6 rations
 n - 9 chunks of flesh


   Skills:
 + Level 4.4 Dodging
 - Level 2.4 Stealth
 + Level 5.1 Spellcasting
 + Level 5.6 Conjurations


You had 11 spell levels left.
You knew the following spells:

 Your Spells              Type           Power        Failure   Level  Hunger
a - Magic Dart            Conj           ####         1%          1    None
b - Searing Ray           Conj           ####..       1%          2    None

Your spell library contained the following spells:

 Spells                   Type           Power        Failure   Level  Hunger
 Dazzling Spray           Conj/Hex       ###...       10%         3    ##.....
 Iskenderun's Mystic Bla  Conj           ####....     11%         4    ####...
 Force Lance              Conj/Tloc      ###.....     32%         4    ####...
 Fulminant Prism          Conj/Hex       ###.......   32%         4    ####...


Dungeon Overview and Level Annotations

Branches:
Dungeon (4/15)
 Temple: D:4-7

Altars:
Fedhas
Kikubaaqudgha
Ru
Yredelemnul


Message History

* * * LOW HITPOINT WARNING * * *
You climb downwards.
A quokka and a skeleton come into view.
Found 38 gold pieces and 24 bolts.
There is a stone staircase leading up here.
Casting: Searing Ray (safe; 1% risk of failure)
Confirm with . or Enter, or press ? or * to list all spells.
Aiming: Searing Ray (safe; 1% risk of failure)
Press: ? - help, Shift-Dir - straight line, f - orc
Aim: an orc, wielding a +0 hand axe, wearing a +0 leather armour and wearing a cursed +0 buckler The searing ray hits the orc.
The orc is heavily wounded. (Press . to maintain the ray.)
The jackal bites you.
* * * LOW HITPOINT WARNING * * *
The orc barely misses you.
The searing ray hits the orc.
You kill the orc!
The jackal barely misses you. The jackal bites you.
You die...

.# #.#. ...≈ .
. ... ...≈ ..#.
#.. ....≈
.....##.. ...≈≈
.....#..#....≈≈
........#....≈≈
.....$.)....$≈≈
...r...@...$≈≈≈
#......h.#..≈≈≈
..Z......# ≈≈≈
....##...# ≈
.8. ..... (.
#...88≈ .
.......
.........


You could see a quokka, a jackal and an adder skeleton (dormant).

Vanquished Creatures
  A hound (D:3)
  Natasha (thrice) (D:2)
  A worker ant zombie (D:2)
  An adder (D:3)
  A gnoll (D:3)
  2 worms
  2 dart slugs
  A leopard gecko (D:2)
  7 orcs
  A ball python (D:1)
  2 giant cockroaches
  5 goblins
  4 hobgoblins (D:1)
  6 jackals
  2 quokkas (D:2)
  5 bats (D:1)
  2 frilled lizards (D:1)
  7 kobolds
  7 rats
60 creatures vanquished.

Notes
Turn   | Place    | Note
-------+----------+-------------------------------------------
     0 | D:1      | Lilu the Deep Elf Conjurer began the quest for the Orb.
     0 | D:1      | Reached XP level 1. HP: 10/10 MP: 6/6
   219 | D:1      | Reached XP level 2. HP: 15/15 MP: 5/8
   406 | D:1      | Learned a level 2 spell: Searing Ray
   729 | D:2      | Found a blossoming altar of Fedhas.
   729 | D:2      | Noticed Natasha
  1055 | D:2      | Killed Natasha
  1055 | D:2      | Reached XP level 3. HP: 12/19 MP: 0/10
  1180 | D:2      | Noticed Natasha
  1185 | D:2      | Killed Natasha
  1185 | D:2      | Reached skill level 5 in Conjurations
  1185 | D:2      | Reached XP level 4. HP: 12/24 MP: 8/12
  1404 | D:2      | Found a basalt altar of Yredelemnul.
  1475 | D:2      | Noticed Natasha
  1493 | D:2      | Killed Natasha
  1714 | D:2      | Found an ancient bone altar of Kikubaaqudgha.
  2301 | D:3      | Reached XP level 5. HP: 28/28 MP: 9/14
  2448 | D:3      | Found a sacrificial altar of Ru.
  2488 | D:3      | Reached skill level 5 in Spellcasting
  2557 | D:3      | Found a faded altar of an unknown god.
  2563 | D:4      | HP: 1/28 [jackal (1)]
  2564 | D:4      | Slain by a jackal

Vault maps used:
D:1:      wander_arrival_lonely_grave, serial_bayou_crossing
D:2:      fedhas_altar_fruit_tree, lemuel_crystal_altar,
          kiku_gazebo_garden_becter, uniq_natasha
D:3:      lemuel_castle_with_subvaults, nicolae_ru_sacrificial_ziggurat,
          chequers_ecumenical_altar_simple_redux, gup_sewer_entry_pipe,
          bh_walls_and_bars
D:4:      wander_river, elyvilon_altar_5, serial_shops, nicolae_shop_stone,
          nicolae_shop_temple_entry_statues_fountains, shop_statue, shop,
          nicolae_shop_stone, first_ration, tso_altar

Skill      XL: |  1  2  3  4  5 |
---------------+----------------+-----
Dodging        | 3 4 |  4.4
Spellcasting   | 4 5 |  5.1
Conjurations   | 5 |  5.6
Stealth        | |  2.4

Action                   |  1- 3 |  4- 6 || total
-------------------------+-------+-------++-------
Melee: Unarmed           |       |     1 ||     1
       Short sword       |       |    10 ||    10
 Cast: Magic Dart        |    49 |    36 ||    85
       Searing Ray       |     2 |     8 ||    10
  Eat: Chunk             |     1 |     4 ||     5
Armor: Robe              |     1 |     3 ||     4
Dodge: Dodged            |     8 |    30 ||    38

Table legend:
 A = Non-vault XP
 B = Vault XP
 C = Vault XP percentage of total XP
 D = Non-vault monster count
 E = Vault monster count
 F = Vault count percentage of total count
                 A         B        C        D         E       F
            +---------+---------+-------+---------+---------+-------
      Total |     242 |      53 |  18.0 |      56 |       4 |   6.7
            +---------+---------+-------+---------+---------+-------
        D:1 |      35 |       0 |   0.0 |      23 |       0 |   0.0
        D:2 |     117 |      35 |  23.0 |      18 |       1 |   5.3
        D:3 |      87 |      18 |  17.1 |      14 |       3 |  17.6
        D:4 |       3 |       0 |   0.0 |       1 |       0 |   0.0
            +---------+---------+-------+---------+---------+-------
